 Dungeon Crawl Stone Soup version 0.28-b1-1-g3c77fb2ed1 (webtiles) character file.

Game seed: 10527366936765041405

247 cayde69 the Covert (level 6, 43/53 HPs)
             Began as a Gnoll Delver on Jan 28, 2022.
             Quit the game on level 5 of the Dungeon.
             The game lasted 00:05:35 (609 turns).

cayde69 the Covert (Gnoll Delver)                    Turns: 609, Time: 00:05:35

Health: 43/53      AC:  3    Str: 13    XL:     6   Next: 11%
Magic:  8/8        EV: 13    Int: 10    God:
Gold:   0          SH:  0    Dex: 13    Spells: 8/8 levels left

rFire   . . .      SeeInvis .   a - +0 short sword
rCold   . . .      Faith    .   (no shield)
rNeg    . . .      Spirit   .   b - +0 leather armour
rPois   .          Reflect  .   (no helmet)
rElec   .          Harm     .   (no cloak)
rCorr   .          Rampage  .   (no gloves)
Will    .....                   (no boots)
Stlth   ++++......              (no amulet)
HPRegen 0.17/turn               (no ring)
MPRegen 0.11/turn               (no ring)

@: no status effects
A: fangs 1, strong nose, distributed training
a: no special abilities


You were on level 5 of the Dungeon.
You visited 1 branch of the dungeon, and saw 1 of its levels.

Inventory:

Hand Weapons
 a - a +0 short sword (weapon)
 j - a +0 hand axe
Missiles
 i - 10 arrows
Armour
 b - a +0 leather armour (worn)
 k - a +0 leather armour
Wands
 g - a wand of digging (3)
Scrolls
 c - a scroll of fog
 d - a scroll of magic mapping
 e - a scroll of fear
 h - 3 scrolls of teleportation {unknown}
 l - a scroll of identify {unknown}
 m - a scroll of amnesia {unknown}
Potions
 f - 3 potions of haste


   Skills:
 + Level 6.8 Fighting
 + Level 4.9 Short Blades
 + Level 1.8 Long Blades
 + Level 1.8 Axes
 + Level 1.8 Maces & Flails
 + Level 1.8 Polearms
 + Level 1.8 Staves
 + Level 1.8 Slings
 + Level 1.8 Bows
 + Level 1.8 Crossbows
 + Level 1.8 Throwing
 + Level 1.8 Armour
 + Level 4.9 Dodging
 + Level 9.7 Stealth
 + Level 1.8 Shields
 + Level 1.8 Unarmed Combat
 + Level 1.8 Spellcasting
 + Level 1.4 Conjurations
 + Level 1.4 Hexes
 + Level 1.4 Summonings
 + Level 1.4 Necromancy
 + Level 1.4 Translocations
 + Level 1.4 Transmutations
 + Level 1.4 Fire Magic
 + Level 1.4 Ice Magic
 + Level 1.4 Air Magic
 + Level 1.4 Earth Magic
 + Level 1.4 Poison Magic
 + Level 2.0 Invocations
 + Level 1.8 Evocations


You had 8 spell levels left.
You didn't know any spells.
Your spell library was empty.

Dungeon Overview and Level Annotations

Branches:
Dungeon (5/15)
 Temple: D:4-7

Altars:
Yredelemnul


Innate Abilities, Weirdness & Mutations

You have very sharp teeth.
Your uncanny sense of smell can sniff out nearby items.
Your experience applies equally to all skills.


Message History

The adder is heavily wounded.
You feel sick. The adder bites you.
You miss the adder.
The adder is heavily wounded.
You feel sick. The adder bites you. The adder misses you.
You barely miss the adder.
The adder is heavily wounded.
You feel sick.
You are no longer poisoned.
The adder bites you.
You barely miss the adder.
The adder is heavily wounded.
The adder barely misses you.
You hit the adder. Your punch misses the adder.
The adder is almost dead.
The adder bites you.
You are poisoned.
The adder poisons you!
You hit the adder but do no damage.
The adder is almost dead.
You feel sick. The adder bites you.
You hit the adder.
You kill the adder!
You feel sick.
You feel sick.
m - a scroll labelled YCKUUH ESOXTER You feel sick.
You feel sick.
You feel sick.
You are no longer poisoned.
You open the door.
There is an open door here.
There is an open door here.
Found a basalt altar of Yredelemnul.
There is a basalt altar of Yredelemnul here.
You kneel at the altar of Yredelemnul.
Save game and exit?
Welcome back, cayde69 the Gnoll Delver.
Press ? for a list of commands and other information.
Are you sure you want to abandon this character and quit the game? (Confirm with "yes".)

# #.. ####### #.#
#.....# #.#
#.._..#####.#
#.....#.....#
#8#.#8#.....#
###.###.....+
#.@.......#
######+##.# .. #.
#.# #.# #.##.#
.....
..########.##.#
.....
#.............##
.....
#..............#
.....
##..............#
.....
#...............#
....<


There were no monsters in sight!

Vanquished Creatures
  An ogre (D:5)
  A water moccasin skeleton (D:5)
  A jelly (D:5)
  An iguana (D:5)
  A scorpion zombie (D:5)
  2 adders (D:5)
  An orc (D:5)
8 creatures vanquished.

Notes
Turn   | Place    | Note
-------+----------+-------------------------------------------
     0 | D:5      | Reached skill level 9 in Stealth
     0 | D:5      | cayde69 the Gnoll Delver began the quest for the Orb.
     0 | D:5      | Reached XP level 1. HP: 23/23 MP: 1/1
    10 | D:5      | Noticed an iguana
    17 | D:5      | Killed an iguana
    18 | D:5      | Reached XP level 2. HP: 29/29 MP: 2/2
    18 | D:5      | Reached XP level 3. HP: 35/35 MP: 3/3
   204 | D:5      | Reached skill level 1 in Long Blades
   204 | D:5      | Reached skill level 1 in Axes
   204 | D:5      | Reached skill level 1 in Maces & Flails
   204 | D:5      | Reached skill level 1 in Polearms
   204 | D:5      | Reached skill level 1 in Staves
   204 | D:5      | Reached skill level 1 in Slings
   204 | D:5      | Reached skill level 1 in Bows
   204 | D:5      | Reached skill level 1 in Crossbows
   204 | D:5      | Reached skill level 1 in Throwing
   204 | D:5      | Reached skill level 1 in Armour
   204 | D:5      | Reached skill level 1 in Shields
   204 | D:5      | Reached skill level 1 in Unarmed Combat
   204 | D:5      | Reached skill level 1 in Spellcasting
   204 | D:5      | Reached skill level 1 in Invocations
   204 | D:5      | Reached skill level 1 in Evocations
   204 | D:5      | Reached XP level 4. HP: 41/41 MP: 5/5
   272 | D:5      | Noticed an ogre
   286 | D:5      | Killed an ogre
   287 | D:5      | Reached skill level 1 in Conjurations
   287 | D:5      | Reached skill level 1 in Hexes
   287 | D:5      | Reached skill level 1 in Summonings
   287 | D:5      | Reached skill level 1 in Necromancy
   287 | D:5      | Reached skill level 1 in Translocations
   287 | D:5      | Reached skill level 1 in Transmutations
   287 | D:5      | Reached skill level 1 in Fire Magic
   287 | D:5      | Reached skill level 1 in Ice Magic
   287 | D:5      | Reached skill level 1 in Air Magic
   287 | D:5      | Reached skill level 1 in Earth Magic
   287 | D:5      | Reached skill level 1 in Poison Magic
   287 | D:5      | Reached XP level 5. HP: 47/47 MP: 5/7
   312 | D:5      | Reached XP level 6. HP: 21/53 MP: 8/8
   599 | D:5      | Found a basalt altar of Yredelemnul.
   609 | D:5      | Quit the game

Illustrated notes

Levels and vault maps discovered:
D:5:      layout_basic, mainiacjoe_overflow_alcove_2, uniq_blork_the_orc

Skill      XL: |  1  2  3  4  5 |
---------------+----------------+-----
Stealth        | |  9.7
Long Blades    | 1 |  1.8
Axes           | 1 |  1.8
Maces & Flails | 1 |  1.8
Polearms       | 1 |  1.8
Staves         | 1 |  1.8
Slings         | 1 |  1.8
Bows           | 1 |  1.8
Crossbows      | 1 |  1.8
Throwing       | 1 |  1.8
Armour         | 1 |  1.8
Shields        | 1 |  1.8
Unarmed Combat | 1 |  1.8
Spellcasting   | 1 |  1.8
Invocations    | 1 2 |  2.0
Evocations     | 1 |  1.8
Conjurations   | 1 |  1.4
Hexes          | 1 |  1.4
Summonings     | 1 |  1.4
Necromancy     | 1 |  1.4
Translocations | 1 |  1.4
Transmutations | 1 |  1.4
Fire Magic     | 1 |  1.4
Ice Magic      | 1 |  1.4
Air Magic      | 1 |  1.4
Earth Magic    | 1 |  1.4
Poison Magic   | 1 |  1.4
Fighting       | |  6.8
Short Blades   | |  4.9
Dodging        | |  4.9

Action                   |  1- 3 |  4- 6 || total
-------------------------+-------+-------++-------
Melee: Short sword       |    13 |    28 ||    41
       Bite              |       |     6 ||     6
       Punch             |       |     1 ||     1
 Stab: Sleeping          |     2 |     1 ||     3
Armor: Leather armour    |     1 |     3 ||     4
Dodge: Dodged            |     5 |    20 ||    25
